 Dungeon Crawl Stone Soup version 0.21.1-1-g345015f (webtiles) character file.

138609 Yarrr the Bludgeoner (level 16, -2/165 HPs)
             Began as a Troll Berserker on June 6, 2018.
             Was a High Priest of Trog.
             Slain by a sun demon (14 damage)
             ... summoned by an orc high priest
             ... on level 2 of the Orcish Mines on June 8, 2018.
             The game lasted 05:01:46 (24700 turns).

Yarrr the Bludgeoner (Troll Berserker)             Turns: 24700, Time: 05:01:51

Health: -2/165     AC:  8    Str: 29    XL:     16   Next: 71%
Magic:  6/6        EV: 16    Int:  3    God:    Trog [*****.]
Gold:   2568       SH:  8    Dex: 14    Spells: 15/15 levels left

rFire    . . .     SeeInvis .   b - +2 great mace (antimagic)
rCold    . . .     Gourm    +   (shield currently unavailable)
rNeg     + . .     Faith    .   V - +0 troll leather armour
rPois    +         Spirit   .   (helmet restricted)
rElec    .         Reflect  +   q - +0 cloak
rCorr    .         Harm     .   (gloves unavailable)
MR       +....                  (boots unavailable)
Stlth    +.........             S - brooch of Shielding {Reflect SH+8}
HPRegen  1.17/turn              J - ring of positive energy
MPRegen  0.10/turn              D - ring of poison resistance

@: drained
A: large, unfitting armour, claws 3, fast metabolism 3, gourmand, regeneration
1, shaggy fur 1, tough skin 2
a: Berserk, Trog's Hand, Brothers in Arms, Burn Spellbooks, Renounce Religion


You were on level 2 of the Orcish Mines.
You worshipped Trog.
Trog was extremely pleased with you.
You were very full.

You visited 4 branches of the dungeon, and saw 24 of its levels.
You also visited: Ice Cave.

You collected 2568 gold pieces.

Inventory:

Hand Weapons
 a - a +3 great mace of crushing
 b - a +2 antimagic great mace (weapon)
 I - a +3 flail of draining
Missiles
 M - 20 large rocks (quivered)
Armour
 n - a +0 shield
 q - a +0 cloak (worn)
 B - a +0 robe of fire resistance
 F - the +0 robe of the Shining Light {+Blink rC+ rCorr}
   (You found it on level 5 of the Lair of Beasts)

   It protects you from cold.
   It lets you blink.
   It protects you from acid and corrosion.
 V - a +0 troll leather armour (worn)
Jewellery
 p - an uncursed ring of resist corrosion
 D - a ring of poison resistance (right claw)
 G - an uncursed ring of flight
 J - a ring of positive energy (left claw)
 K - an uncursed ring of stealth
 P - an uncursed ring of positive energy
 S - the brooch of Shielding (around neck) {Reflect SH+8}
   (You found it on level 13 of the Dungeon)

   [amulet of reflection]

   It shields you and reflects attacks.
   It affects your SH (+8).
Wands
 e - a wand of disintegration (28)
 i - a wand of enslavement (28)
 u - a wand of scattershot (6)
 L - a wand of acid (11)
 Q - a wand of iceblast (28)
 U - a wand of digging (28)
 Z - a wand of paralysis (22)
Scrolls
 f - 6 scrolls of teleportation
 g - a scroll of fear
 h - 3 scrolls of magic mapping
 k - 11 scrolls of remove curse
 o - 2 scrolls of enchant weapon
 A - 4 scrolls of blinking
 H - 2 scrolls of fog
 R - a scroll of identify
 X - 2 scrolls of enchant armour
Potions
 d - 8 potions of curing
 j - 6 potions of haste
 r - 7 potions of heal wounds
 t - 3 potions of might
 v - 10 potions of agility
 w - 6 potions of lignification
 x - 3 potions of resistance
 z - 6 potions of mutation
 C - 2 potions of ambrosia
 E - 4 potions of flight
Books
 N - a book of Air

   Spells                             Type                      Level
   a - Shock                          Conjuration/Air              1
   b - Swiftness                      Charms/Air                   2
   c - Static Discharge               Conjuration/Air              3
   d - Airstrike                      Air                          4
   e - Lightning Bolt                 Conjuration/Air              5
   Trog disapproves of the use of such an item.
 W - a book of Cantrips

   Spells                             Type                      Level
   a - Confusing Touch                Hexes                        1
   b - Animate Skeleton               Necromancy                   1
   c - Summon Small Mammal            Summoning                    1
   d - Apportation                    Translocation                1
   Trog disapproves of the use of such an item.
 Y - a book of Transfigurations

   Spells                             Type                      Level
   a - Irradiate                      Conjuration/Transmutation    5
   b - Statue Form                    Transmutation/Earth          6
   c - Hydra Form                     Transmutation                6
   d - Dragon Form                    Transmutation                7
   Trog disapproves of the use of such an item.
Miscellaneous
 m - a fan of gales
 O - a lightning rod (4/4)
Comestibles
 c - 43 rations


   Skills:
 + Level 11.7(10.8) Fighting
 * Level 16.4(15.3) Maces & Flails
 - Level 5.0(4.2) Armour
 + Level 11.8(10.8) Dodging
 - Level 9.1(8.2) Unarmed Combat
 - Level 5.0(4.2) Evocations


You had 15 spell levels left.
You didn't know any spells.

Dungeon Overview and Level Annotations

Branches:
Dungeon (15/15)            Temple (1/1) D:4            Lair (6/6) D:8
  Slime (0/5) Lair:5          Orc (2/2) D:10            Elf (0/3) Orc:2
 Vaults (0/5) D:13         Depths (0/5) D:15
  Swamp: Lair:2-4    Shoals: Lair:2-4     Snake: Lair:2-4    Spider: Lair:2-4

Altars:
Ashenzari
Cheibriados
Dithmenos
Elyvilon
Fedhas
Gozag
Hepliaklqana
Kikubaaqudgha
Makhleb
Nemelex Xobeh
Okawaru
Qazlal
Ru
Sif Muna
Trog
Uskayaw
Vehumet
Wu Jian
Xom
Yredelemnul
Zin
The Shining One
Beogh

Portals:
Trove: D:13 (give +6 demon blade)


Innate Abilities, Weirdness & Mutations

You are too large for most types of armour.
You have claws for hands.
Your metabolism is lightning-fast.
You like to eat raw meat.
Your natural rate of healing is unusually fast.
You are covered in fur. (AC +1)
You have very tough skin. (AC +2)


Message History

The orc high priest is lightly wounded.
You block the sun demon's attack. x2; The hellwing hits you! x2
The orc high priest calls down the wrath of Beogh upon you.
Beogh smites you!
You sock the orc high priest!
The orc high priest is moderately wounded.
The sun demon completely misses you. The sun demon hits you!
* * * LOW HITPOINT WARNING * * *
You are engulfed in flames!
* * * LOW HITPOINT WARNING * * *
The hellwing hits you but does no damage.
The hellwing hits you.
* * * LOW HITPOINT WARNING * * *
As you read the scroll of holy word, it crumbles to dust.
You speak a Word of immense power!
The sun demon convulses! x2
The hellwing convulses!
You block the sun demon's attack. The sun demon hits you!!
* * * LOW HITPOINT WARNING * * *
You are engulfed in flames!
You die...

#....[.........##....##
...[[.........####.###
..[[)......)[## ###
...[###.......###
....###.........##
.#...##.....)....##
###.#########.....##
..### ###.34.# ...#
##@o.# ..## ##)3.# .##
#oo.## ## ÷..÷..[..#
.§..÷.÷.## .3.÷...##
...÷... .....## ...÷#


You could see an orc knight, an orc high priest, 2 sun demons, a hellwing
(dazed) and an orc warrior.

Vanquished Creatures
  Agnes (D:14)
  An orc warlord (Orc:1)
  Azrael (D:14)
  An ettin (D:15)
  2 vault guards (D:13)
  A catoblepas (Lair:6)
  Erica (D:8)
  6 hydras
  5 centaur warriors
  2 ogre magi
  10 two-headed ogres
  A deep troll earth mage (D:15)
  2 orc high priests (Orc:2)
  The ghost of Jaiteiro the Zephyrmancer, a novice DrAE of Sif Muna (D:8)
  Nergalle (Lair:1)
  A skeletal warrior (D:13)
  4 unseen horrors
  3 wizards (D:13)
  2 lindwurms (Lair:6)
  A lindwurm (shapeshifter) (D:15)
  A deep elf archer (D:13)
  Pikel (D:7)
  A flayed ghost (D:15)
  3 orc knights
  A wolf spider (D:15)
  A wolf spider zombie (D:15)
  2 deep elf magi (D:15)
  A necromancer (D:13)
  3 orc sorcerers
  4 cyclopes
  3 manticores
  15 ugly things
  4 centaur zombies
  5 elephants (Lair:5)
  2 black mambas
  An ice statue (IceCv)
  7 spiny frogs
  3 gargoyles
  2 kobold demonologists (D:15)
  An efreet (D:14)
  2 rime drakes
  9 komodo dragons
  3 tengu conjurers
  A queen bee (D:9)
  7 trolls
  A merfolk (D:11)
  22 polar bears
  17 blink frogs
  The ghost of p0werm0de the Grave Robber, an amateur GnNe (D:5)
  A dream sheep (shapeshifter) (D:14)
  11 hippogriffs
  4 slime creatures (D:14)
  A raiju (shapeshifter) (D:15)
  6 dream sheep
  2 shadows
  59 yaks
  A vampire (D:12)
  18 humans (D:13)
  A wraith (D:12)
  3 wyverns
  2 basilisks (Lair:6)
  4 fire bats (Lair:3)
  4 fire elementals
  A hungry ghost (D:9)
  2 vampire mosquitoes (D:12)
  Menkaure (D:7)
  2 wargs (D:8)
  A soldier ant (D:11)
  A hell hound (D:14)
  12 porcupines
  19 water moccasins
  25 orc warriors
  4 ice beasts
  3 sky beasts
  2 phantoms
  11 wolves
  4 eyes of draining
  8 ogres
  18 centaurs
  12 crocodiles
  2 big kobolds
  23 bullfrogs
  A wyvern zombie (D:12)
  7 scorpions
  33 killer bees
  9 wights
  3 howler monkeys (D:13)
  2 vampire bats (Orc:1)
  5 electric eels
  A bullfrog zombie (D:6)
  7 crimson imps
  4 hounds
  18 orc priests
  4 jellies
  8 centaur skeletons
  3 iguanas
  Ijyb (D:3)
  22 orc wizards
  A hell rat (Lair:6)
  12 worker ants
  A hound skeleton (D:4)
  A howler monkey zombie (D:8)
  A worker ant zombie (D:6)
  13 adders
  3 gnolls
  2 howler monkey skeletons
  3 shadow imps
  An adder skeleton (D:6)
  4 worms
  A dart slug (D:2)
  9 leopard geckos
  63 orcs
  16 bats
  3 giant cockroaches
  12 goblins
  6 hobgoblins
  4 jackals
  7 quokkas
  2 ball pythons
  2 frilled lizards
  18 kobolds
  A leopard gecko skeleton (D:5)
  3 quokka skeletons
  A quokka zombie (D:6)
  6 rats
  2 butterflies (D:2)
765 creatures vanquished.

Vanquished Creatures (collateral kills)
  An iron dragon (D:14)
  A frost giant (IceCv)
  A manticore (Lair:6)
  An orc sorcerer (Orc:2)
  A spiny frog (Lair:6)
  A rime drake (Lair:6)
  2 polar bears (IceCv)
  2 yaks (IceCv)
  A hungry ghost (D:14)
  2 wolves (IceCv)
  2 killer bees (D:8)
15 creatures vanquished.

Vanquished Creatures (others)
  An eye of draining (D:14)
  A human (D:3)
  A centaur (D:12)
  A gnoll (D:7)
  A ball python (D:8)
  5 fungi
  2 plants
12 creatures vanquished.

Grand Total: 792 creatures vanquished

Notes
Turn   | Place    | Note
-------+----------+-------------------------------------------
     0 | D:1      | Yarrr the Troll Berserker began the quest for the Orb.
     0 | D:1      | Reached XP level 1. HP: 22/22 MP: 0/0
   228 | D:1      | Reached skill level 1 in Unarmed Combat
   228 | D:1      | Reached XP level 2. HP: 27/29 MP: 1/1
   666 | D:2      | Reached ** piety under Trog
   690 | D:2      | Reached XP level 3. HP: 34/36 MP: 2/2
   725 | D:2      | Found an opulent altar of Gozag.
  1135 | D:2      | Reached XP level 4. HP: 40/44 MP: 3/3
  1266 | D:2      | Found a shimmering altar of Xom.
  1326 | D:2      | Found a sparkling altar of Nemelex Xobeh.
  1550 | D:3      | Noticed Ijyb
  1558 | D:3      | Killed Ijyb
  1723 | D:3      | Reached XP level 5. HP: 53/53 MP: 4/4
  2032 | D:3      | Found an ancient bone altar of Kikubaaqudgha.
  2032 | D:3      | Noticed a human
  2035 | D:3      | Killed a human
  2273 | D:4      | Found a staircase to the Ecumenical Temple.
  2300 | Temple   | Entered the Ecumenical Temple
  2547 | D:5      | Entered Level 5 of the Dungeon
  2577 | D:4      | Reached *** piety under Trog
  2620 | D:4      | Reached XP level 6. HP: 58/61 MP: 5/5
  2797 | D:4      | Found a bloodstained altar of Trog.
  2855 | D:4      | Found a glowing golden altar of the Shining One.
  3340 | D:5      | Reached skill level 5 in Unarmed Combat
  3340 | D:5      | Reached XP level 7. HP: 63/68 MP: 6/6
  3531 | D:5      | Noticed p0werm0de's ghost (amateur GnNe)
  3691 | D:5      | Killed p0werm0de's ghost
  3691 | D:5      | Reached skill level 3 in Maces & Flails
  4016 | D:6      | Found a hazy altar of Hepliaklqana.
  4115 | D:6      | Found a sparkling altar of Nemelex Xobeh.
  4213 | D:6      | Reached **** piety under Trog
  4244 | D:6      | Reached skill level 4 in Maces & Flails
  4414 | D:6      | Reached XP level 8. HP: 79/79 MP: 7/7
  4647 | D:6      | Found a deep blue altar of Sif Muna.
  4754 | D:7      | Noticed Menkaure
  4764 | D:7      | Killed Menkaure
  4764 | D:7      | Reached skill level 5 in Maces & Flails
  4810 | D:7      | Found a glowing silver altar of Zin.
  4840 | D:7      | Reached skill level 5 in Fighting
  4840 | D:7      | Reached skill level 5 in Dodging
  5003 | D:7      | Reached skill level 6 in Maces & Flails
  5300 | D:7      | Noticed Pikel
  5329 | D:7      | Killed Pikel
  5329 | D:7      | Reached XP level 9. HP: 30/89 MP: 8/8
  5642 | D:7      | Reached skill level 7 in Maces & Flails
  5856 | D:8      | Noticed Jaiteiro's ghost (novice DrAE)
  5966 | D:8      | Killed Jaiteiro's ghost
  6049 | D:8      | Noticed a two-headed ogre
  6053 | D:8      | Killed a two-headed ogre
  6053 | D:8      | Reached skill level 8 in Maces & Flails
  6053 | D:8      | Reached XP level 10. HP: 100/100 MP: 9/9
  6196 | D:8      | Found a staircase to the Lair.
  6316 | Lair:1   | Entered Level 1 of the Lair of Beasts
  6354 | Lair:1   | Reached skill level 9 in Maces & Flails
  6357 | Lair:1   | Reached ***** piety under Trog
  6401 | Lair:1   | Noticed a spiny frog
  6419 | Lair:1   | Killed a spiny frog
  7026 | D:9      | Found a blossoming altar of Fedhas.
  7026 | D:9      | Found an ornate altar of the Wu Jian Council.
  7033 | D:9      | Found a faded altar of an unknown god.
  7035 | D:9      | Found a shadowy altar of Dithmenos.
  7036 | D:9      | Found an iron altar of Okawaru.
  7068 | D:8      | Noticed Erica
  7087 | D:8      | Killed Erica
  7174 | D:8      | Reached skill level 10 in Maces & Flails
  7191 | D:8      | Received a gift from Trog
  7203 | D:8      | HP: 5/102 [poisoned by a killer bee]
  7443 | Lair:1   | Noticed a spiny frog
  7454 | Lair:1   | Killed a spiny frog
  7514 | Lair:1   | Noticed a seven-headed hydra
  7612 | Lair:1   | Killed a seven-headed hydra
  7612 | Lair:1   | Reached XP level 11. HP: 101/110 MP: 10/10
  7856 | Lair:1   | Noticed Nergalle
  7902 | Lair:1   | Noticed a spectral orc warlord
  7911 | Lair:1   | Killed Nergalle
  8893 | D:9      | Reached skill level 11 in Maces & Flails
  8970 | D:9      | Noticed a two-headed ogre
  8983 | D:9      | Killed a two-headed ogre
  9609 | D:10     | Entered Level 10 of the Dungeon
  9907 | D:10     | Noticed a two-headed ogre
  9915 | D:10     | Killed a two-headed ogre
  9919 | D:10     | Reached XP level 12. HP: 122/122 MP: 11/11
  9957 | D:10     | Found a staircase to the Orcish Mines.
  9993 | D:10     | Reached skill level 12 in Maces & Flails
 10073 | Orc:1    | Entered Level 1 of the Orcish Mines
 10246 | D:10     | Noticed a two-headed ogre
 10254 | D:10     | Killed a two-headed ogre
 10834 | D:10     | Received a gift from Trog
 11320 | D:11     | Noticed a five-headed hydra
 11328 | D:11     | Killed a five-headed hydra
 12208 | Lair:2   | Reached skill level 13 in Maces & Flails
 12830 | Lair:2   | Reached ****** piety under Trog
 13204 | Lair:3   | Reached XP level 13. HP: 109/132 MP: 12/12
 13276 | Lair:3   | Received a gift from Trog
 14311 | Lair:5   | Found a staircase to the Slime Pits.
 14621 | Lair:5   | Found a frozen archway.
 14631 | Lair:5   | Reached skill level 10 in Dodging
 14643 | Lair:5   | Reached skill level 10 in Fighting
 14678 | IceCv    | Entered an ice cave
 14886 | IceCv    | Received a gift from Trog
 15020 | IceCv    | Reached skill level 14 in Maces & Flails
 15305 | IceCv    | Noticed a frost giant
 15317 | IceCv    | Killed a frost giant
 15777 | Lair:5   | Got a thick robe
 15789 | Lair:5   | Identified the +0 robe of the Shining Light {+Blink rC+ rCorr} (You found it on level 5 of the Lair of Beasts)
 16247 | Lair:6   | Entered Level 6 of the Lair of Beasts
 16551 | Lair:6   | Reached XP level 14. HP: 144/144 MP: 4/13
 16891 | Lair:6   | Received a gift from Trog
 18431 | D:13     | Found the brooch of Shielding {Reflect SH+8}
 18442 | D:13     | Reached skill level 15 in Maces & Flails
 18909 | D:13     | Received a gift from Trog
 18966 | D:13     | Reached skill level 1 in Armour
 18975 | D:13     | Reached skill level 1 in Evocations
 19106 | D:13     | Found a portal to a secret trove of treasure.
 19415 | D:13     | Reached XP level 15. HP: 130/153 MP: 14/16
 19423 | D:13     | Found a gate to the Vaults.
 19883 | D:12     | Received a gift from Trog
 20569 | D:15     | Entered Level 15 of the Dungeon
 20659 | D:15     | Reached XP level 16. HP: 162/162 MP: 17/17
 20699 | D:14     | HP: 8/162 [troll[an orc knight] (3)]
 21089 | D:14     | Noticed Azrael
 21139 | D:14     | Killed Azrael
 21445 | D:14     | Received a gift from Trog
 21582 | D:14     | Noticed Agnes
 21588 | D:14     | Killed Agnes
 22293 | D:15     | Reached skill level 16 in Maces & Flails
 22450 | D:15     | Found a staircase to the Depths.
 22546 | D:15     | Got a twisted glaive
 22547 | D:15     | Identified the +7 glaive of the Empty Page {pain, rPois rF+ MR+ Int+6} (You found it on level 15 of the Dungeon)
 22583 | D:15     | Reached skill level 5 in Armour
 23396 | Orc:1    | Found a roughly hewn altar of Beogh.
 23457 | Orc:1    | Reached skill level 5 in Evocations
 23467 | Orc:1    | Received a gift from Trog
 23924 | Orc:2    | Entered Level 2 of the Orcish Mines
 24150 | Orc:2    | Found a staircase to the Elven Halls.
 24700 | Orc:2    | Slain by a sun demon

Skill      XL: |  1  2  3  4  5  6  7  8  9 10 11 12 13 14 15 16 |
---------------+-------------------------------------------------+-----
Unarmed Combat | 1 2 3 4 5 6 8 9 |  9.1
Fighting       | 3 4 5 6 7 8 9 10 11 | 11.7
Dodging        | 3 4 5 6 7 8 9 10 11 | 11.8
Maces & Flails | 4 6 8 10 11 13 14 15 16 | 16.4
Armour         | 3 4 5 |  5.0
Evocations     | 3 5 |  5.0

Action                   |  1- 3 |  4- 6 |  7- 9 | 10-12 | 13-15 | 16-18 || total
-------------------------+-------+-------+-------+-------+-------+-------++-------
Melee: Unarmed           |   109 |   138 |   100 |       |       |       ||   347
       Mace              |     2 |       |       |       |       |       ||     2
       Punch             |       |     2 |     5 |    30 |    34 |       ||    71
       Flail             |       |       |   129 |   755 |   435 |       ||  1319
       Dire flail        |       |       |       |    99 |       |       ||    99
       Great mace        |       |       |       |    19 |   514 |   499 ||  1032
       Whip              |       |       |       |       |    10 |       ||    10
Throw: Stone             |       |       |       |     7 |       |       ||     7
       Large rock        |       |       |       |     6 |     9 |     5 ||    20
Invok: Berserk           |       |     1 |     4 |    23 |    22 |    10 ||    60
       Trog's Hand       |       |       |     2 |     5 |     2 |     2 ||    11
       Brothers in Arms  |       |       |       |     2 |     4 |     2 ||     8
       Burn Spellbooks   |       |       |       |     1 |     3 |       ||     4
Evoke: Wand              |       |     1 |       |       |       |       ||     1
       Lightning rod     |       |       |       |       |     3 |       ||     3
       Fan of gales      |       |       |       |       |       |     1 ||     1
  Use: Scroll            |       |       |    17 |     6 |     6 |     8 ||    37
       Potion            |       |       |       |     2 |     3 |     2 ||     7
 Stab: Sleeping          |     1 |       |       |       |       |       ||     1
       Distracted        |       |       |       |     1 |     1 |     2 ||     4
       Petrified         |       |       |       |       |     1 |       ||     1
  Eat: Chunk             |    16 |    21 |    25 |    97 |    99 |    49 ||   307
       Ration            |       |       |       |     1 |       |     1 ||     2
Armor: Animal skin       |    24 |    48 |     5 |       |       |       ||    77
       Robe              |       |       |    43 |   109 |       |       ||   152
       Troll leather arm |       |       |       |    27 |   279 |   116 ||   422
Dodge: Dodged            |    38 |    47 |    89 |   490 |   641 |   316 ||  1621
Block: Other             |       |       |       |       |   109 |   209 ||   318
       Reflection        |       |       |       |       |     9 |    14 ||    23
